 Dungeon Crawl Stone Soup version 0.30.0-29-ga12c61a403 (webtiles) character file.

Game seed: 16429638970591358742

5717 GimliDwarf the Magician (level 10, 0/79 HPs)
             Began as a Gnoll Wanderer on June 15, 2023.
             Was a Follower of Dithmenos.
             Slain by a yak (10 damage)
             ... on level 9 of the Dungeon.
             The game lasted 00:44:15 (10251 turns).

GimliDwarf the Magician (Gnoll Wanderer)           Turns: 10251, Time: 00:44:16

Health: 0/79       AC:  7    Str:  9    XL:     10   Next: 76%
Magic:  13/21      EV: 15    Int: 16    God:    Dithmenos [*.....]
Gold:   1174       SH:  0    Dex: 17    Spells: 4/24 levels left

rFire   + + .        E - +2 great sword (freeze)
rCold   + . .        (shield currently unavailable)
rNeg    . . .        l - +1 robe of Xom's Generosity {rF+}
rPois   .            (no helmet)
rElec   .            i - scarf of Untruth {rC+ rF+, Dex+3}
rCorr   .            (no gloves)
SInv    +            (no boots)
Will    .....        q - amulet of regeneration
Stlth   ++++         m - +4 ring of protection
HPRegen 1.13/turn    p - ring of see invisible
MPRegen 0.17/turn

%: no passive effects
@: wreathed by umbra
A: fangs 1, strong nose, distributed training
a: Renounce Religion


You were on level 9 of the Dungeon.
You worshipped Dithmenos.
Dithmenos was aware of your devotion.
You visited 2 branches of the dungeon, and saw 10 of its levels.

You collected 1321 gold pieces.
You spent 147 gold pieces at shops.

Inventory:

Hand Weapons
 k - a +0 scimitar
 u - a +0 hammer of protection
 E - a +2 great sword of freezing (weapon)
Missiles
 g - a curare-tipped dart
 j - 21 poisoned darts
 y - 3 silver boomerangs
 F - 5 silver javelins
 G - 2 throwing nets
Armour
 b - a +1 buckler
 i - the scarf of Untruth (worn) {rC+ rF+, Dex+3}
   (You acquired it on level 2 of the Dungeon)

   Dex:       It affects your dexterity (+3).
 l - the +1 robe of Xom's Generosity (worn) {rF+}
   (You found it on level 2 of the Dungeon)

   rF:        It protects you from fire.
 o - the +6 scale mail of Fortification {Will+ rCorr Str-4}
   (You found it on level 4 of the Dungeon)

   Str:       It affects your strength (-4).
   rCorr:     It protects you from acid and corrosion.
   Will:      It increases your willpower.
Jewellery
 m - a +4 ring of protection (left hand)
 p - a ring of see invisible (right hand)
 q - an amulet of regeneration (around neck)
Wands
 n - a wand of quicksilver (11)
 C - a wand of polymorph (10)
 I - a wand of flame (15)
Scrolls
 c - 2 scrolls of poison
 w - a scroll of fear
 z - a scroll of fog {unknown}
 B - a scroll of teleportation
 D - a scroll of enchant weapon {unknown}
Potions
 a - 3 potions of curing
 d - 2 potions of heal wounds
 e - a potion of haste
 f - 2 potions of cancellation
 h - 2 potions of lignification
 r - a potion of brilliance {unknown}
 s - 2 potions of ambrosia
 t - a potion of flight {unknown}
 v - a potion of attraction {unknown}
 A - a potion of might {unknown}
 H - a potion of magic {unknown}


   Skills:
 + Level 7.5 Fighting
 + Level 5.8 Short Blades
 + Level 7.5 Long Blades
 + Level 5.8 Axes
 + Level 5.8 Maces & Flails
 + Level 5.8 Polearms
 + Level 5.8 Staves
 + Level 5.8 Ranged Weapons
 + Level 5.8 Throwing
 + Level 5.8 Armour
 + Level 5.8 Dodging
 + Level 5.8 Stealth
 + Level 6.4 Shields
 + Level 5.8 Unarmed Combat
 + Level 7.7 Spellcasting
 + Level 4.8 Conjurations
 + Level 4.8 Hexes
 + Level 4.8 Summonings
 + Level 4.8 Necromancy
 + Level 7.3 Translocations
 + Level 4.8 Transmutations
 + Level 4.8 Fire Magic
 + Level 4.8 Ice Magic
 + Level 4.8 Air Magic
 + Level 4.8 Earth Magic
 + Level 4.8 Poison Magic
 + Level 6.3 Invocations
 + Level 5.8 Evocations


You had 4 spell levels left.
You knew the following spells:

 Your Spells              Type           Power      Damage    Failure   Level
a - Apportation           Tloc           58%        N/A       1%          1
b - Gell's Gravitas       Tloc           29%        N/A       1%          3
c - Manifold Assault      Tloc           29%        N/A       5%          4
d - Tukima's Dance        Hex            21%        N/A       4%          3
e - Portal Projectile     Hex/Tloc       50%        N/A       2%          3
f - Dispersal             Tloc           14%        N/A       63%         6

Your spell library contained the following spells:

 Spells                   Type           Power      Damage    Failure   Level
 Blade Hands              Tmut           10%        N/A       41%         5
 Disjunction              Tloc           14%        N/A       100%        8


Dungeon Overview and Level Annotations

Branches:
Dungeon (9/15)             Temple (1/1) D:4
   Lair: D:8-11         Orc: D:9-12

Altars:
Ashenzari
Cheibriados
Dithmenos
Elyvilon
Fedhas
Gozag
Kikubaaqudgha
Nemelex Xobeh
Okawaru
Sif Muna
Uskayaw
Wu Jian
Xom
Yredelemnul
Zin
The Shining One

Shops:
D:2 !   D:6 [(*([   D:8 (

Annotations:
D:6 1 runed translucent door, Crazy Yiuf


Innate Abilities, Weirdness & Mutations

You have very sharp teeth.
Your uncanny sense of smell can sniff out nearby items.
Your experience applies equally to all skills.


Message History

Press: ? - help, Q - select action, (/) - cycle Dir - move target, f - vampire
Aim: a vampire (lightly damaged, slightly transparent, umbra) Gravity reorients around the vampire.
The yak collides with the vampire!
The vampire is moderately damaged.
The yak is lightly wounded.
The yak collides with the yak!
The yak is lightly wounded. x2
The vampire closely misses you. The vampire misses you.
The yak closely misses you.
Aiming: Gell's Gravitas (safe; 1% risk of failure)
Press: ? - help, Q - select action, (/) - cycle Dir - move target, f/p - vampire
Aim: a vampire (moderately damaged, slightly transparent, umbra) Gravity reorients around the vampire.
The yak collides with the vampire!
The yak is lightly wounded.
The yak collides with the vampire!
The yak is moderately wounded.
The vampire hits you but does no damage.
The vampire barely misses you. The yak gores you! The yak barely misses you.
Aiming: Gell's Gravitas (safe; 1% risk of failure)
Press: ? - help, Q - select action, (/) - cycle Dir - move target, f/p - vampire
Aim: a vampire (moderately damaged, slightly transparent, umbra) Gravity reorients around the vampire.
The yak collides with the vampire!
The yak is lightly wounded.
The yak collides with the vampire!
The yak is moderately wounded.
The vampire misses you. The vampire barely misses you. The yak gores you!
* * * LOW HITPOINT WARNING * * *
The yak gores you!
* * * LOW HITPOINT WARNING * * *
The yak attacks as you move away! The yak closely misses you.
The yak attacks as you move away! The yak gores you.
* * * LOW HITPOINT WARNING * * *
The vampire hits you but does no damage.
The vampire closely misses you. The yak attacks as you move away!
The yak gores you but does no damage. The yak attacks as you move away!
The yak gores you but does no damage.
There is a stone staircase leading up here.
The vampire completely misses you. The vampire barely misses you.
The yak gores you!
You die...

.################
.........@.......
.........VY......
.........Y.......
.................
.................
...........).....
.......<.........
.................
#################


You could see 2 yaks and a vampire (invisible).

Vanquished Creatures
  Psyche (D:8)
  A dancing weapon (D:3)
  9 yaks
  A vampire (D:8)
  2 acid dragons (D:8)
  2 water moccasins
  2 sky beasts (D:6)
  2 black bears
  5 centaurs
  4 phantoms
  2 kobold brigands (D:3)
  2 bullfrogs
  A wyvern zombie (D:6)
  A gnoll sergeant (D:8)
  A water moccasin zombie (D:6)
  4 scorpions
  3 wights (D:8)
  2 wyvern skeletons (D:6)
  2 howler monkeys (D:7)
  5 bullfrog zombies (D:6)
  A jelly (D:6)
  4 hounds
  An orc priest (D:3)
  A bullfrog skeleton (D:6)
  A gnoll bouda (D:8)
  4 iguanas
  A sleepcap (D:5)
  7 orc wizards
  A killer bee zombie (D:6)
  2 howler monkey zombies (D:6)
  18 gnolls
  7 adders
  A howler monkey skeleton (D:6)
  6 white imps
  An ufetubus (D:7)
  2 worms (D:2)
  5 dart slugs
  24 orcs
  8 ball pythons
  2 bats
  12 endoplasms
  3 giant cockroaches
  6 goblins
  6 hobgoblins
  2 jackals (D:3)
  A quokka (D:5)
  5 frilled lizards
  40 kobolds
  5 rats
229 creatures vanquished.

Vanquished Creatures (collateral kills)
  A centaur (D:8)
  2 ogres
  A kobold brigand (D:3)
  A bullfrog (D:8)
5 creatures vanquished.

Vanquished Creatures (others)
  3 dancing weapons (D:8)
  An orc wizard (D:3)
4 creatures vanquished.

Grand Total: 238 creatures vanquished

Notes
Turn   | Place    | Note
-------+----------+-------------------------------------------
     0 | D:1      | GimliDwarf the Gnoll Wanderer began the quest for the Orb.
     0 | D:1      | GimliDwarf set off with the following items: a +0 falchion,
                  | a +0 buckler, a potion of invisibility, a +0 robe; and the
                  | following spell memorised: Apportation; and the following
                  | spells available to memorise: Gell's Gravitas, Manifold
                  | Assault.
     0 | D:1      | Reached XP level 1. HP: 20/20 MP: 6/6
   164 | D:1      | Reached XP level 2. HP: 26/26 MP: 7/7
   736 | D:1      | You fall into a shaft and drop 1 floor!
   781 | D:2      | Reached skill level 5 in Spellcasting
   781 | D:2      | Reached XP level 3. HP: 6/31 MP: 7/9
   912 | D:2      | Identified the +1 robe of Xom's Generosity {rF+}
   969 | D:2      | Reached skill level 1 in Invocations
   986 | D:2      | Found Hefam's Distillery.
  1086 | D:2      | Bought a potion of degeneration for 13 gold pieces
  1086 | D:2      | Bought a potion of curing for 39 gold pieces
  1176 | D:2      | Reached skill level 1 in Short Blades
  1176 | D:2      | Reached skill level 1 in Axes
  1176 | D:2      | Reached skill level 1 in Maces & Flails
  1176 | D:2      | Reached skill level 1 in Polearms
  1176 | D:2      | Reached skill level 1 in Staves
  1176 | D:2      | Reached skill level 1 in Ranged Weapons
  1176 | D:2      | Reached skill level 1 in Throwing
  1176 | D:2      | Reached skill level 1 in Armour
  1176 | D:2      | Reached skill level 1 in Dodging
  1176 | D:2      | Reached skill level 1 in Stealth
  1176 | D:2      | Reached skill level 1 in Unarmed Combat
  1176 | D:2      | Reached skill level 1 in Evocations
  1469 | D:2      | Learned a level 3 spell: Gell's Gravitas
  1881 | D:2      | Reached XP level 4. HP: 29/38 MP: 11/11
  2071 | D:2      | Bought a potion of heal wounds for 65 gold pieces
  2102 | D:3      | Identified 2 scrolls of acquirement
  2102 | D:3      | Acquired 683 gold pieces
  2443 | D:3      | Reached skill level 1 in Conjurations
  2443 | D:3      | Reached skill level 1 in Hexes
  2443 | D:3      | Reached skill level 1 in Summonings
  2443 | D:3      | Reached skill level 1 in Necromancy
  2443 | D:3      | Reached skill level 1 in Transmutations
  2443 | D:3      | Reached skill level 1 in Fire Magic
  2443 | D:3      | Reached skill level 1 in Ice Magic
  2443 | D:3      | Reached skill level 1 in Air Magic
  2443 | D:3      | Reached skill level 1 in Earth Magic
  2443 | D:3      | Reached skill level 1 in Poison Magic
  2642 | D:2      | Acquired the scarf of Untruth {rC+ rF+, Dex+3}
  2701 | D:2      | Learned a level 4 spell: Manifold Assault
  2852 | D:3      | Reached XP level 5. HP: 43/43 MP: 6/12
  3167 | D:3      | Reached XP level 6. HP: 22/50 MP: 0/13
  3210 | D:3      | Reached skill level 5 in Fighting
  3210 | D:3      | Reached skill level 5 in Long Blades
  3548 | D:3      | Found a hide-covered altar of Uskayaw.
  3551 | D:3      | Found an ornate altar of the Wu Jian Council.
  3552 | D:3      | Found a basalt altar of Yredelemnul.
  3554 | D:3      | Found a shimmering altar of Xom.
  3577 | D:3      | Learned a level 3 spell: Tukima's Dance
  3835 | D:3      | Killed a +0 short sword
  3850 | D:3      | Reached XP level 7. HP: 55/56 MP: 4/15
  4828 | D:4      | Found a staircase to the Ecumenical Temple.
  4837 | Temple   | Entered the Ecumenical Temple
  4921 | D:4      | Identified the +6 scale mail of Fortification {Will+ rCorr
                  | Str-4}
  5205 | D:5      | Entered Level 5 of the Dungeon
  5466 | D:5      | Reached XP level 8. HP: 63/63 MP: 6/16
  5808 | D:5      | Learned a level 3 spell: Portal Projectile
  6706 | D:6      | Reached XP level 9. HP: 69/69 MP: 9/18
  6871 | D:6      | Reached skill level 5 in Shields
  7055 | D:6      | Found Xupseih's General Store.
  7057 | D:6      | Found Tyes's Weapon Shop.
  7063 | D:6      | Bought a scroll of identify for 30 gold pieces
  7118 | D:6      | Found Ruyfutho's Antique Armour Boutique.
  7358 | D:6      | Reached skill level 5 in Invocations
  7358 | D:6      | Found Muetramu's Armour Shop.
  7359 | D:6      | Found Ving's Antique Weapon Shop.
  7437 | D:6      | Found a runed translucent door.
  7438 | D:6      | Noticed Crazy Yiuf
  7853 | D:7      | Found a shadowy altar of Dithmenos.
  7859 | D:7      | Found a white marble altar of Elyvilon.
  7920 | D:7      | Became a worshipper of Dithmenos the Shadowed
  8445 | D:7      | Reached skill level 5 in Short Blades
  8445 | D:7      | Reached skill level 5 in Axes
  8445 | D:7      | Reached skill level 5 in Maces & Flails
  8445 | D:7      | Reached skill level 5 in Polearms
  8445 | D:7      | Reached skill level 5 in Staves
  8445 | D:7      | Reached skill level 5 in Ranged Weapons
  8445 | D:7      | Reached skill level 5 in Throwing
  8445 | D:7      | Reached skill level 5 in Armour
  8445 | D:7      | Reached skill level 5 in Dodging
  8445 | D:7      | Reached skill level 5 in Stealth
  8445 | D:7      | Reached skill level 5 in Unarmed Combat
  8445 | D:7      | Reached skill level 5 in Evocations
  8531 | D:7      | Reached XP level 10. HP: 76/77 MP: 6/20
  8780 | D:8      | Found Iphuh's Hydra Hut.
  8925 | D:8      | Noticed Psyche
  8938 | D:8      | Killed Psyche
  9152 | D:8      | Reached * piety under Dithmenos
  9361 | D:8      | HP: 1/79 [vampire (12)]
  9497 | D:8      | Noticed a seven-headed hydra
 10083 | D:8      | Learned a level 6 spell: Dispersal
 10246 | D:9      | HP: 3/79 [yak (3)]
 10251 | D:9      | Slain by a yak

Illustrated notes

Levels and vault maps discovered:
D:1:      dpeg_arrival_oval, layout_basic, minmay_tetromino_l4
D:2:      layout_loops_ring, serial_shops, shop
D:3:      minmay_goblin_kobold_castle, layout_basic, minitemple,
          minmay_shallow_snake_nest
D:4:      layout_loops_cross, minmay_temple_entry_butterflies, hex_tiny
D:5:      minmay_general_purpose_star, layout_basic
D:6:      layout_cave_pools, serial_shops, shop, nicolae_shop_trees,
          nicolae_square_shop, shop_statue, shop, serial_undead,
          serial_undead_f, serial_undead_e, serial_undead_b, serial_undead_d,
          serial_undead_e, serial_undead_f, serial_undead_a, serial_undead_a,
          uniq_crazy_yiuf_cottage
D:7:      kennysheep_spiral_hall, layout_loops_ring,
          mainiacjoe_overflow_catwalk_spiral
D:8:      layout_gridville, corner_web_ring, st_stairs_4,
          doesnt_shop_hydraphobe, uniq_psyche
D:9:      layout_small_grid, nicolae_qazlal_general_emergency,
          chequers_temple_overflow_statue_of_worship, chequers_big_river
Temple:   zaba_magenta_temple

Skill      XL: |  1  2  3  4  5  6  7  8  9 10 |
---------------+-------------------------------+-----
Spellcasting   | 5 6 7 |  7.7
Invocations    | 1 2 3 4 5 6 |  6.3
Short Blades   | 1 2 3 5 |  5.8
Axes           | 1 2 3 5 |  5.8
Maces & Flails | 1 2 3 5 |  5.8
Polearms       | 1 2 3 5 |  5.8
Staves         | 1 2 3 5 |  5.8
Ranged Weapons | 1 2 3 5 |  5.8
Throwing       | 1 2 3 5 |  5.8
Armour         | 1 2 3 5 |  5.8
Dodging        | 1 2 3 5 |  5.8
Stealth        | 1 2 3 5 |  5.8
Unarmed Combat | 1 2 3 5 |  5.8
Evocations     | 1 2 3 5 |  5.8
Conjurations   | 1 2 3 4 |  4.8
Hexes          | 1 2 3 4 |  4.8
Summonings     | 1 2 3 4 |  4.8
Necromancy     | 1 2 3 4 |  4.8
Transmutations | 1 2 3 4 |  4.8
Fire Magic     | 1 2 3 4 |  4.8
Ice Magic      | 1 2 3 4 |  4.8
Air Magic      | 1 2 3 4 |  4.8
Earth Magic    | 1 2 3 4 |  4.8
Poison Magic   | 1 2 3 4 |  4.8
Shields        | 3 4 5 6 |  6.4
Fighting       | 5 6 7 |  7.5
Long Blades    | 5 6 7 |  7.5
Translocations | 6 7 |  7.3

Action                     |  1- 3 |  4- 6 |  7- 9 | 10-12 || total
---------------------------+-------+-------+-------+-------++-------
  Melee: Falchion          |   131 |   203 |    49 |       ||   383
         Bite              |    11 |    30 |    38 |    17 ||    96
         Scimitar          |       |       |   337 |    57 ||   394
         Punch             |       |       |    11 |     2 ||    13
         Great sword       |       |       |       |    53 ||    53
         Unarmed           |       |       |       |    12 ||    12
  Throw: Dart              |       |       |    19 |     4 ||    23
   Cast: Gell's Gravitas   |     1 |    17 |    36 |    30 ||    84
         Tukima's Dance    |       |     3 |    13 |    15 ||    31
         Manifold Assault  |       |       |    11 |     2 ||    13
         Portal Projectile |       |       |     4 |     2 ||     6
  Evoke: Wand              |       |       |       |     1 ||     1
    Use: Potion            |     1 |     3 |       |     3 ||     7
         Scroll            |       |    10 |     3 |     3 ||    16
   Stab: Sleeping          |     2 |     2 |     9 |       ||    13
         Distracted        |       |       |     2 |       ||     2
 Armour: Robe              |    23 |    77 |   163 |    44 ||   307
  Dodge: Dodged            |    59 |   153 |   296 |   172 ||   680
  Block: Buckler           |    13 |    47 |       |       ||    60
